 Dungeon Crawl Stone Soup version 0.28-a0-802-g09f76e8c00 (webtiles) character file.

Game seed: 10056831603076031190

117 croobank the Firebug (level 5, -1/40 HPs)
             Began as a Hill Orc Fire Elementalist on Nov 6, 2021.
             Killed from afar by an orc wizard (6 damage)
             ... with a magic dart
             ... on level 3 of the Dungeon.
             The game lasted 00:27:56 (4087 turns).

croobank the Firebug (Hill Orc Fire Elementalist)   Turns: 4087, Time: 00:27:57

Health: -1/40      AC:  5    Str: 12    XL:     5   Next: 1%
Magic:  4/7        EV: 25    Int: 15    God:
Gold:   2          SH:  0    Dex: 11    Spells: 3/7 levels left

rFire   . . .      SeeInvis .   r - +0 hand axe
rCold   . . .      Faith    .   (no shield)
rNeg    . . .      Spirit   .   k - +0 ring mail
rPois   .          Reflect  .   (no helmet)
rElec   .          Harm     .   (no cloak)
rCorr   .          Rampage  .   (no gloves)
Will    +....                   (no boots)
Stlth   +.........              d - amulet of the acrobat
HPRegen 0.13/turn               q - ring of willpower
MPRegen 0.10/turn               (no ring)

@: acrobatic
A: no striking features
a: no special abilities


You were on level 3 of the Dungeon.
You visited 1 branch of the dungeon, and saw 4 of its levels.

You collected 38 gold pieces.
You spent 36 gold pieces at shops.

Inventory:

Hand Weapons
 e - a +0 short sword
 r - a +0 hand axe (weapon)
Missiles
 f - 100 stones
 l - 10 poisoned darts (quivered)
Armour
 a - a +0 robe
 k - a +0 ring mail (worn)
 n - a +0 plate armour
Jewellery
 d - an amulet of the acrobat (around neck)
 q - a ring of willpower (left hand)
Scrolls
 h - a scroll of enchant weapon {unknown}
 o - a scroll of silence
Potions
 b - a potion of ambrosia
 c - 2 potions of brilliance {unknown}
 g - a potion of lignification {unknown}
 i - a potion of degeneration {unknown}
 j - a potion of flight {unknown}
 m - a potion of might {unknown}
 p - a potion of resistance {unknown}


   Skills:
 + Level 1.3 Fighting
 + Level 1.5 Short Blades
 + Level 0.8 Throwing
 + Level 0.7 Armour
 + Level 1.7 Dodging
 + Level 1.8 Stealth
 * Level 2.1 Shields
 + Level 1.7 Spellcasting
 + Level 1.1 Conjurations
 + Level 3.9 Fire Magic


You had 3 spell levels left.
You knew the following spells:

 Your Spells              Type           Power      Damage    Failure   Level
a - Foxfire               Conj/Fire      36%        2x1d5     19%         1
b - Scorch                Fire           26%        2d6       16%         2
c - Animate Skeleton      Necr           2%         N/A       45%         1

Your spell library contained the following spells:

 Spells                   Type           Power      Damage    Failure   Level
 Apportation              Tloc           2%         N/A       45%         1
 Summon Small Mammal      Summ           4%         N/A       45%         1
 Conjure Flame            Conj/Fire      9%         6-21      47%         3
 Inner Flame              Hex/Fire       7%         N/A       56%         3
 Flame Wave               Conj/Fire      9%         3d4       87%         4


Dungeon Overview and Level Annotations

Branches:
Dungeon (4/15)
 Temple: D:4-7

Altars:

Shops:
D:3 !


Message History

You hit something but do no damage. Something hits you.
You completely miss something. Something hits you but does no damage.
You hit something but do no damage. Something hits you.
You hit something. Something hits you. Something hits you but does no damage.
You miss something. Something hits you but does no damage.
You miss something.
You hear some strange, mumbled words.
A puff of flame appears from out of thin air!
The puff of flame hits you!
You hit something but do no damage. Something hits you but does no damage.
You hear some strange, mumbled words.
A magic dart appears from out of thin air!
The magic dart hits you.
* * * LOW HITPOINT WARNING * * *
You barely miss something. Something hits you.
* * * LOW HITPOINT WARNING * * *
You miss something. Something hits you.
* * * LOW HITPOINT WARNING * * *
Casting: Scorch (safe; 16% risk of failure)
Confirm with . or Enter, or press ? or * to list all spells.
Flames lash the orc.
The orc is heavily wounded.
The orc's fire resistance burns away.
You hear some strange, mumbled words.
A puff of flame appears from out of thin air!
The puff of flame hits you.
* * * LOW HITPOINT WARNING * * *
An orc wizard appears from thin air!
Reactivating autopickup.
Okay, then.
The orc wizard casts a spell at you. You resist with almost no effort.
Throw: 11 darts (poison)
Press: ? - help, Q - select action, (/) - cycle Shift-Dir - straight line, f - orc wizard
Aim: an orc wizard, wielding a +0 dagger and wearing a +0 robe (lightly wounded, 45% to hit)
You throw a poisoned dart.
The poisoned dart closely misses the orc wizard.
The orc wizard casts a spell at you. The magic dart hits you.
You die...

#.# #...# #...###.......
#.###.#.# #.....(.#####
#.#.....# ##....#.#
#.....#########.#o#
#..)#.#...#...#.#)#
##...#.#.#.#..##.#.#
#....###.#.#...o..(##########
#.>...........o...(......K...
#...........@################
###........###...............
#....###.#.###.####.####.####
#.#.∩..#....##.#⌠.#.#..'.'..#
#...#)......##.#..#.#..#.#..#
###.#.#####.##.##'#.##'#.##'#
#..........#...............
###.########.##'#.##'#.##'#
#.#<######.#..#.#..#.#..#


You could see an orc wizard and an orc.

Vanquished Creatures
  3 gnolls
  An adder (D:3)
  An adder skeleton (D:3)
  A worm (D:3)
  3 dart slugs
  2 orcs (D:3)
  7 ball pythons
  4 bats
  3 endoplasms
  A goblin (D:2)
  5 hobgoblins
  11 jackals
  8 kobolds
  3 quokkas
  2 frilled lizards (D:2)
  4 rats
59 creatures vanquished.

Vanquished Creatures (collateral kills)
  A foxfire (D:2)
1 creature vanquished.

Vanquished Creatures (others)
  25 foxfires
  2 fungi (D:2)
  3 plants (D:2)
30 creatures vanquished.

Grand Total: 90 creatures vanquished

Notes
Turn   | Place    | Note
-------+----------+-------------------------------------------
     0 | D:1      | croobank the Hill Orc Fire Elementalist began the quest for
                  | the Orb.
     0 | D:1      | Reached XP level 1. HP: 14/14 MP: 3/3
   890 | D:1      | Reached XP level 2. HP: 19/20 MP: 4/4
  1333 | D:1      | Reached skill level 1 in Shields
  1469 | D:1      | Reached XP level 3. HP: 22/26 MP: 3/5
  1866 | D:2      | Reached skill level 1 in Short Blades
  2119 | D:2      | Found a faded altar of an unknown god.
  2676 | D:3      | Found Fient's Distillery.
  2685 | D:3      | Reached XP level 4. HP: 16/34 MP: 3/6
  2867 | D:3      | Reached skill level 1 in Fighting
  2871 | D:3      | Learned a level 2 spell: Scorch
  3026 | D:3      | Bought a potion of curing for 36 gold pieces
  3826 | D:3      | Learned a level 1 spell: Animate Skeleton
  4025 | D:3      | Reached XP level 5. HP: 33/40 MP: 1/7
  4087 | D:3      | Killed from afar by an orc wizard

Illustrated notes

Levels and vault maps discovered:
D:1:      minmay_arrival_stone_box, layout_loops_ring
D:2:      layout_basic, shapermc_ecumenical_altar_mp_urbaneastern
D:3:      minmay_door_path, layout_basic, serial_shops, shop
D:4:      layout_loops_corners, gammafunk_ghost_smash

Skill      XL: |  1  2  3  4 |
---------------+-------------+-----
Shields        | 1 2 |  2.1
Short Blades   | 1 |  1.5
Fighting       | 1 |  1.3
Throwing       | |  0.8
Armour         | |  0.7
Dodging        | |  1.7
Stealth        | |  1.8
Spellcasting   | |  1.7
Conjurations   | |  1.1
Fire Magic     | |  3.9

Action                   |  1- 3 |  4- 6 || total
-------------------------+-------+-------++-------
Melee: Unarmed           |    35 |       ||    35
       Short sword       |    91 |    50 ||   141
       Hand axe          |       |    23 ||    23
Throw: Stone             |    30 |       ||    30
       Dart              |     4 |    24 ||    28
 Cast: Foxfire           |    17 |     2 ||    19
       Scorch            |       |    15 ||    15
  Use: Scroll            |     2 |       ||     2
       Potion            |       |     4 ||     4
Armor: Robe              |    13 |       ||    13
       Ring mail         |    18 |    34 ||    52
Dodge: Dodged            |   111 |    55 ||   166

Table legend: (Time is in decaauts)
 A = Elapsed time spent in this place.
 B = Non-inter-level travel time spent in this place.
 C = Inter-level travel time spent in this place.
 D = Time resting spent in this place.
 E = Time spent auto-exploring this place.
 F = Levels seen in this place.
 G = Mean time per level.
                   A        B        C        D        E       F      G
               +--------+--------+--------+--------+--------+-----+--------+
         Total |   4102 |   4078 |     24 |   1522 |   1741 |   4 | 1025.5 |
       Dungeon |   4102 |   4078 |     24 |   1522 |   1741 |   4 | 1025.5 |
               +--------+--------+--------+--------+--------+-----+--------+

Top non-repeatable levels by time:
     D:1: 1746 daAuts
     D:3: 1148 daAuts
     D:2: 923 daAuts
     D:4: 284 daAuts
